 Dungeon Crawl Stone Soup version 0.32-a0-859-gb0a091d592 (webtiles) character file.

Game seed: 363287211263035731

249823 gimp the Fencer (level 19, -12/110 HPs)
             Began as a Gargoyle Warper on Mar 27, 2024.
             Was a High Priest of Okawaru.
             Mangled by an ironbound frostheart (40 damage)
             ... on level 1 of the Vaults.
             The game lasted 01:51:28 (35989 turns).

gimp the Fencer (Gargoyle Warper)                  Turns: 35989, Time: 01:51:28

Health: -12/110    AC: 35    Str: 18    XL:     19   Next: 61%
Magic:  17/27      EV: 29    Int: 17    God:    Okawaru [*****.]
Gold:   1604       SH:  0    Dex: 24    Spells: 17/33 levels left

rFire   + . .        a - +7 triple sword (drain)
rCold   . . .        (shield currently unavailable)
rNeg    + . .        E - +3 scale mail {Will+}
rPois   ∞            K - +2 helmet "Nawihair" {Harm Int-2 Dex+6}
rElec   +            N - +1 cloak of Kuatriraf {Will+ rCorr Dex+3}
rCorr   +            I - +2 pair of gloves of Free Will {rElec Str+3 Int+3}
SInv    .            m - +0 pair of boots
Will    ++++.        S - amulet of regeneration
Stlth   ++           x - ring of protection from fire
HPRegen 1.18/turn    A - +5 ring of evasion
MPRegen 0.20/turn

%: harm (+30% outgoing, +20% incoming)
@: heroic, flying
A: sickness immunity, AC +14, big wings, negative energy resistance 1,
electricity resistance, torment resistance 1, petrification resistance, low MP
1, strong-willed 1, robust 1
}: 2/15 runes: serpentine, barnacled
a: Renounce Religion, Heroism, Finesse, Duel


You were on level 1 of the Vaults.
You worshipped Okawaru.
Okawaru was extremely pleased with you.
You visited 7 branches of the dungeon, and saw 32 of its levels.
You also visited: Gauntlet and Volcano.

You collected 2957 gold pieces.
You spent 1353 gold pieces at shops.

Inventory:

Hand Weapons
 a - a +7 triple sword of draining (weapon)
 b - a +2 scimitar of flaming
Missiles
 p - 3 throwing nets
 H - 39 poisoned darts
 P - 5 curare-tipped darts
Armour
 m - a +0 pair of boots (worn)
 z - a +2 robe of willpower
 E - a +3 scale mail of willpower (worn)
 I - the +2 pair of gloves of Free Will (worn) {rElec Str+3 Int+3}
   (Okawaru gifted it to you on level 2 of the Orcish Mines)

   Str+3:     It affects your strength (+3).
   Int+3:     It affects your intelligence (+3).
   rElec:     It insulates you from electricity.
 K - the +2 helmet "Nawihair" (worn) {Harm Int-2 Dex+6}
   (You found it in a Gauntlet)

   Int-2:     It affects your intelligence (-2).
   Dex+6:     It affects your dexterity (+6).
   Harm:      It increases damage dealt and taken.
 L - the +7 Kryia's mail coat {PotionHeal*2 rC+}
   (You took it off a minotaur in a Gauntlet)

   PotionHeal*2: Potions heal its wearer twice as much.
   rC+:       It protects you from cold.
 N - the +1 cloak of Kuatriraf (worn) {Will+ rCorr Dex+3}
   (You found it in a Gauntlet)

   Dex+3:     It affects your dexterity (+3).
   Will+:     It increases your willpower.
   rCorr:     It protects you from acid and corrosion.
 W - a scarf of resistance
Jewellery
 t - a ring of willpower
 x - a ring of protection from fire (left hand)
 A - a +5 ring of evasion (right hand)
 S - an amulet of regeneration (around neck)
Wands
 i - a wand of paralysis (5)
 k - a wand of warping (16)
 l - a wand of mindburst (9)
 n - a wand of flame (53)
 q - a wand of acid (21)
 U - a wand of digging (11)
 X - a wand of polymorph (5)
Scrolls
 c - 4 scrolls of blinking
 e - 7 scrolls of fog
 f - 5 scrolls of poison
 j - 4 scrolls of amnesia
 u - 4 scrolls of fear
 v - a scroll of immolation
 y - 6 scrolls of vulnerability
 D - 15 scrolls of teleportation
 F - 2 scrolls of brand weapon
 M - 3 scrolls of revelation
 O - 3 scrolls of enchant armour
 Q - 5 scrolls of identify
 Z - a scroll of torment
Potions
 d - a potion of heal wounds
 g - a potion of lignification
 h - 11 potions of enlightenment
 o - 2 potions of resistance
 r - 7 potions of haste
 s - a potion of berserk rage
 w - 4 potions of cancellation
 B - 8 potions of curing
 C - 3 potions of magic
 G - 6 potions of brilliance
 T - a potion of might
 V - a potion of invisibility {unknown}
Miscellaneous
 J - a Gell's gravitambourine (2/2)
 R - a lightning rod (4/4)


   Skills:
 - Level 5.0(10.0) Fighting
 * Level 20.9(25.9) Long Blades
 - Level 0.8(5.8) Throwing
 - Level 1.1(6.1) Armour
 + Level 15.7(20.7) Dodging
 + Level 7.9 Spellcasting
 - Level 7.0 Translocations
 - Level 8.0 Air Magic
 - Level 9.0 Invocations
 - Level 9.6 Evocations


You had 17 spell levels left.
You knew the following spells:

 Your Spells              Type           Power      Damage    Failure   Level
a - Blink                 Tloc           60%        N/A       2%          2
b - Lesser Beckoning      Tloc           60%        N/A       2%          2
c - Silence               Hex/Air        10%        N/A       86%         5
d - Apportation           Tloc           60%        N/A       1%          1
e - Vhi's Electric Charg  Tloc/Air       64%        N/A       14%         4
f - Momentum Strike       Conj/Tloc      36%        3d9       11%         2

Your spell library contained the following spells:

 Spells                   Type           Power      Damage    Failure   Level
 Swiftness                Air            33%        N/A       3%          3
 Teleport Other           Tloc           30%        N/A       5%          3
 Shock                    Conj/Air       80%        1d8       6%          1
 Mercury Vapours          Alch/Air       40%        N/A       9%          2
 Static Discharge         Conj/Air       40%        3-5/arc   9%          2
 Airstrike                Air            16%        2d(3-19)  12%         4
 Maxwell's Portable Pile  Tloc           30%        2d(10-19) 17%         4
 Foxfire                  Conj/Fire      24%        2x1d5     30%         1
 Freeze                   Ice            24%        1d4       30%         1
 Magic Dart               Conj           24%        1d4       30%         1
 Necrotise                Necr           24%        1d5       30%         1
 Slow                     Hex            24%        N/A       30%         1
 Sting                    Conj/Alch      24%        1d4       30%         1
 Mephitic Cloud           Conj/Alch/Air  15%        N/A       30%         3
 Jinxbite                 Hex            12%        N/A       43%         2
 Searing Ray              Conj           12%        2d4       43%         2
 Dimensional Bullseye     Hex/Tloc       9%         N/A       58%         4
 Confusing Touch          Hex            6%         N/A       67%         3
 Frozen Ramparts          Ice            12%        1d2       67%         3
 Hailstorm                Conj/Ice       6%         3d5       67%         3
 Sigil of Binding         Hex            6%         N/A       67%         3
 Vampiric Draining        Necr           6%         2d6       67%         3
 Freezing Cloud           Conj/Ice/Air   7%         6-21      96%         5
 Brom's Barrelling Bould  Conj/Erth      6%         2d3       97%         4
 Dispel Undead            Necr           6%         3d8       97%         4
 Fulminant Prism          Conj/Alch      3%         3d5       97%         4
 Ignite Poison            Fire/Alch      6%         N/A       97%         4
 Fireball                 Conj/Fire      3%         3d4       100%        5
 Iskenderun's Battlesphe  Conj           6%         2d6       100%        5
 Yara's Violent Unravell  Hex/Alch       3%         3d4       100%        5
 Conjure Ball Lightning   Conj/Air       10%        3x3d6     100%        6
 Plasma Beam              Fire/Air       10%        2x1d21    100%        6
 Starburst                Conj/Fire      3%         6d3       100%        6
 Enfeeble                 Hex            3%         N/A       100%        7
 Orb of Destruction       Conj           3%         9d5       100%        7
 Discord                  Hex            3%         N/A       100%        8
 Disjunction              Tloc           15%        N/A       100%        8
 Cigotuvi's Dreadful Rot  Necr/Alch/Air  Unusable   N/A       N/A         2
 Summon Small Mammal      Summ           Unusable   N/A       N/A         1
 Summon Lightning Spire   Summ/Air       Unusable   N/A       N/A         4
 Call Canine Familiar     Summ           Unusable   N/A       N/A         3
 Martyr's Knell           Necr/Summ      Unusable   N/A       N/A         4

Dungeon Overview and Level Annotations

Branches:
Dungeon (15/15)            Temple (1/1) D:6            Lair (5/5) D:9
 Shoals (4/4) Lair:3        Snake (4/4) Lair:2        Slime (0/5) Lair:4
    Orc (2/2) D:12            Elf (0/3) Orc:2        Vaults (1/5) D:14
 Depths (0/4) D:15        Volcano (visited)         Gauntlet (visited)

Altars:
Ashenzari
Cheibriados
Dithmenos
Elyvilon
Fedhas
Gozag
Hepliaklqana
Kikubaaqudgha
Makhleb
Nemelex Xobeh
Okawaru
Qazlal
Ru
Sif Muna
Trog
Uskayaw
Vehumet
Wu Jian
Xom
Yredelemnul
Zin
The Shining One
Beogh
Jiyva

Shops:
D:8 ([[(*   D:11 !   D:12 *   D:14 *   Orc:1 ?:   Orc:2 (=*[   Shoals:2 [

Annotations:
D:12 3 runed translucent doors, exclusion: 3 doors, bmack86's ghost, journeyman MiFi
Lair:1 2 transporters, Chish's ghost, journeyman FoFi
Lair:5 exclusion: 3 doors
Shoals:2 2 transporters, exclusion: orange crystal statue


Innate Abilities, Weirdness & Mutations

You are immune to sickness and miasma.
Your stone body is resilient. (AC +14)
You are immune to poison.
Your large and strong wings let you fly.
You resist negative energy. (rN+)
You are resistant to electric shocks. (rElec)
You are resistant to unholy torment.
You are immune to petrification.
Your magical capacity is low. (-10% MP)
You are strong-willed. (Will+)
You are robust. (+10% HP)


Message History

The ironbound frostheart calls freezing cold from the walls.
The frost grips you!!
You hear a shout!
You take 32 damage, and have 74/110 hp.
MASSIVE DAMAGE!!
You slash the boulder beetle!
You kill the boulder beetle!
Okawaru accepts your kill.
You hit the lindwurm.
The lindwurm is lightly wounded.
Electricity crackles from the ironbound thunderhulk's apparatus.
The bolt of lightning hits you. You resist.
The lindwurm breathes flames at you. The blast of flame misses you.
You take 2 damage, and have 73/110 hp.
You slice the ironbound frostheart!!
The ironbound frostheart is heavily wounded.
The ironbound frostheart touches you! The ironbound frostheart freezes you!!
* * * LOW HITPOINT WARNING * * *
A yaktaur comes into view.
You take 42 damage, and have 31/110 hp.
MASSIVE DAMAGE!!
Aiming: Duel (21% risk of failure)
Press: ? - help, Dir - move target, f - ironbound thunderhulk
Aim: an ironbound thunderhulk, wielding a +3 dire flail and wearing a +0 animal skin You enter into single combat with the ironbound thunderhulk!
The world spins around you as you enter the gateway.
You enter Okawaru's Arena!
Found a gate leading back out of this place.
The ice encasing you melts away.
The spectator shouts! x8
The ironbound thunderhulk completely misses you.
The spectator shouts!
There is an empty arch of ancient stone here.
You now have 19/27 mp.
You are too injured to fight recklessly!
You are too injured to fight recklessly!
The spectator shouts! x2
You hit the ironbound thunderhulk. You drain the ironbound thunderhulk.
The ironbound thunderhulk is lightly wounded.
You slice the ironbound thunderhulk!!
The ironbound thunderhulk is moderately wounded.
The ironbound thunderhulk completely misses you.
You slice the ironbound thunderhulk!! You drain the ironbound thunderhulk!
The ironbound thunderhulk is almost dead.
You dice the ironbound thunderhulk like an onion!!!
You kill the ironbound thunderhulk!
Okawaru accepts your kill. Okawaru crowns you victorious!
An exit appears.
Things that are here:
a +3 dire flail; a +0 animal skin; an ogre corpse Unknown command.
You regained 2 hp, and now have 40/110 hp.
There is a gate leading back out of this place here.
As you read the scroll of teleportation, it crumbles to dust.
You feel strangely unstable.
Welcome back to the Vaults!
The lindwurm completely misses you. The lindwurm claws you!
The lindwurm completely misses you. x2
The lindwurm closely misses you. The lindwurm misses you.
You take 6 damage, and have 36/110 hp.
You slash the vault warden!
The vault warden is moderately wounded.
You slice the vault warden!! You drain the vault warden!
The vault warden is almost dead.
Your surroundings suddenly seem different. 2 ironbound preservers and 9 deep trolls come into view.
An ironbound preserver is wielding a +0 heavy great mace.
The ironbound preserver shouts!
You hear a shout!
An ironbound frostheart comes into view.
The deep troll barely misses you.
The deep troll completely misses you. x3
The deep troll misses you. The deep troll barely misses you.
The deep troll completely misses you.
The deep troll claws you but does no damage.
The deep troll closely misses you.
The deep troll shouts!
The deep troll bites you but does no damage.
The deep troll completely misses you. x2; The deep troll closely misses you. x2
The deep troll completely misses you.
You hear a shout!
Okay, then.
Okay, then.
Unknown command.
Casting: Vhi's Electric Charge (dangerous; 14% risk of failure)
Confirm with . or Enter, or press ? or * to list all spells.
Aiming: Vhi's Electric Charge (dangerous; 14% risk of failure)
Press: ? - help, Shift-Dir - straight line, f - ironbound frostheart
Aim: an ironbound frostheart, wearing a +0 scale mail (89% to hit)
You charge forward with an electric crackle!
A great orb of eyes and a deep troll come into view.
You slice the ironbound frostheart and electrocute it!!
The ironbound frostheart is heavily wounded.
The great orb of eyes completely misses you.
The ironbound frostheart touches you but does no damage.
The deep troll misses you.
The deep troll completely misses you. x2
The ironbound preserver completely misses you.
You now have 17/27 mp.
The great orb of eyes attacks as it pursues you!
The great orb of eyes bites you but does no damage.
The ironbound frostheart touches you!
* * * LOW HITPOINT WARNING * * *
The ironbound frostheart freezes you!!
You die...

.. #.. ..
....#..#..
...#..#. ..#..#.
#####'..'#####
#............#
.......T....#
#p.pG##### ###
....#.@#pTTT#
##.## . #..#TTT.#
##..)# #..#TTT.#
#..... #..#....#
##...# ##########
##.##
.......#######'##
. ......#.......).
..#...cp#.>...[∩).
........#.........


You could see an ironbound preserver, a great orb of eyes, an ironbound
frostheart and a deep troll.

Vanquished Creatures
  Bai Suzhen (Snake:4)
  Saint Roka (Snake:2)
  Asterion (Snake:3)
  Polyphemus (Shoals:2)
  Gastronok (D:8)
  Aizul (Snake:4)
  Kirke (D:13)
  5 nagarajas
  2 vault wardens (Vaults:1)
  An ironbound thunderhulk (Arena)
  A stone giant (Shoals:2)
  2 orc warlords (Orc:2)
  4 ironbound preservers
  Azrael (D:12)
  2 dire elephants (Snake:1)
  A minotaur (Gauntlet)
  2 merfolk impalers (Shoals:1)
  4 merfolk javelineers
  A great orb of eyes (Vaults:1)
  2 rakshasas (D:15)
  3 ogre magi
  Erolcha (Orc:1)
  16 anacondas
  5 hydras
  6 boulder beetles
  8 centaur warriors
  3 alligator snapping turtles (Shoals:4)
  2 merfolk aquamancers
  A merfolk avatar (Shoals:4)
  5 death yaks
  8 satyrs
  2 catoblepae
  27 two-headed ogres
  A tengu warrior (D:14)
  An orc high priest (Orc:2)
  8 naga sharpshooters
  9 naga warriors
  9 shock serpents
  A deep elf knight (Snake:1)
  A sixfirhy (Gauntlet)
  5 salamander mystics
  7 skeletal warriors
  4 skysharks
  6 sea snakes
  4 deep trolls (Vaults:1)
  12 mana vipers
  4 lindwurms
  8 naga ritualists
  25 harpies
  4 obsidian bats
  A deep elf zephyrmancer (D:15)
  A necromancer (D:15)
  5 orc knights
  13 cyclopes
  7 orc sorcerers
  12 ugly things
  22 fauns
  13 salamanders
  12 manticores
  5 water nymphs
  37 black mambas
  9 elephants
  3 vault sentinels (Vaults:1)
  8 merfolk sirens
  A black mamba (shapeshifter) (D:14)
  7 guardian serpents
  A smoke demon (Volcano)
  A torpor snail (D:9)
  A gargoyle (D:12)
  15 cane toads
  3 orange demons (D:13)
  A centaur skeleton (D:15)
  An unseen horror (D:12)
  20 naga magi
  8 komodo dragons
  A rime drake (Lair:2)
  5 tengu conjurers
  An efreet (D:13)
  4 red devils
  7 trolls
  28 merfolk
  2 polar bears
  5 wind drakes
  3 raiju
  14 snapping turtles
  6 dream sheep
  3 hornets (Gauntlet)
  11 blink frogs
  Prince Ribbit (D:9)
  2 centaur simulacra
  6 slime creatures
  3 shadows
  11 water elementals
  2 wyverns
  42 yaks
  A wraith (D:10)
  10 basilisks
  5 fire bats (Volcano)
  7 wargs
  A neqoxec (Gauntlet)
  4 fire elementals
  4 vampire mosquitoes (D:11)
  2 steam dragons
  3 hogs (D:13)
  2 chaos spawn (Gauntlet)
  18 water moccasins
  49 nagas
  Duvessa (D:5)
  5 hell hounds
  A hornet zombie (D:15)
  27 orc warriors
  A sky beast (D:7)
  5 ice beasts
  4 black bears
  20 ogres
  10 centaurs
  18 wolves
  2 phantoms
  6 kobold brigands
  10 bullfrogs
  4 scorpions
  A gnoll sergeant (D:9)
  4 wights (D:8)
  Dowan (D:5)
  5 killer bees (D:9)
  3 howler monkeys
  7 electric eels
  3 lava snakes (Volcano)
  2 hounds
  11 jellies
  A gnoll bouda (D:7)
  18 orc priests
  2 sleepcaps
  27 orc wizards
  6 iguanas
  Robin (D:2)
  14 gnolls
  9 adders
  2 white imps
  2 ufetubi (Gauntlet)
  2 ribbon worms (D:2)
  65 orcs
  11 endoplasms
  3 giant cockroaches
  11 goblins
  9 hobgoblins
  11 kobolds
  A quokka (D:1)
  10 ball pythons
  6 bats
  A frilled lizard (D:1)
  6 rats
1070 creatures vanquished.

Vanquished Creatures (others)
  A deep elf archer (Snake:1)
  A sky beast (D:7)
  A howler monkey (D:9)
  An orc (Orc:2)
4 creatures vanquished.

Grand Total: 1074 creatures vanquished

Notes
Turn   | Place    | Note
-------+----------+-------------------------------------------
     0 | D:1      | gimp the Gargoyle Warper began the quest for the Orb.
     0 | D:1      | Reached XP level 1. HP: 12/12 MP: 3/3
    59 | D:1      | Reached skill level 2 in Long Blades
   157 | D:1      | Reached XP level 2. HP: 17/18 MP: 5/5
   166 | D:1      | Learned a level 2 spell: Blink
   166 | D:1      | Found a faded altar of an unknown god.
   504 | D:1      | Reached XP level 3. HP: 22/22 MP: 6/6
   614 | D:1      | Learned a level 2 spell: Lesser Beckoning
   890 | D:2      | Found a hazy altar of Hepliaklqana.
   972 | D:2      | Reached skill level 3 in Long Blades
  1538 | D:3      | Reached XP level 4. HP: 25/28 MP: 7/7
  1684 | D:3      | Noticed Robin
  1701 | D:2      | Killed Robin
  2136 | D:3      | Reached XP level 5. HP: 24/33 MP: 8/8
  2234 | D:3      | Found a blossoming altar of Fedhas.
  2789 | D:4      | Reached skill level 4 in Long Blades
  3062 | D:4      | Noticed an ogre
  3084 | D:4      | Noticed an ogre
  3085 | D:4      | Noticed a black bear
  3087 | D:4      | HP: 1/33 [ogre/+0 giant spiked club (14)]
  3269 | D:4      | Killed a black bear
  3270 | D:4      | Reached XP level 6. HP: 13/39 MP: 9/9
  3384 | D:4      | You fall into a shaft and drop 3 floors!
  3475 | D:7      | Noticed a black bear
  3507 | D:6      | Noticed an ice beast
  3526 | D:6      | Noticed an ice beast
  3548 | D:6      | Noticed an ice beast
  3603 | D:6      | Gained mutation: Armour fits poorly on your strangely
                  | shaped body. [potion of mutation]
  3603 | D:6      | Gained mutation: You have hidden genetic potential. [potion
                  | of mutation]
  3610 | D:6      | Killed an ice beast
  3611 | D:6      | Reached skill level 5 in Long Blades
  3616 | D:6      | Reached XP level 7. HP: 16/44 MP: 10/10
  3620 | D:6      | Reached skill level 5 in Fighting
  3638 | D:6      | Reached skill level 6 in Long Blades
  3643 | D:6      | Gained mutation: You possess an exceptional clarity of
                  | mind. [hidden potential]
  3941 | D:6      | Found a staircase to the Ecumenical Temple.
  3960 | Temple   | Entered the Ecumenical Temple
  3991 | Temple   | Became a worshipper of Warmaster Okawaru
  4169 | D:6      | Reached skill level 7 in Long Blades
  4169 | D:6      | Reached skill level 1 in Invocations
  4169 | D:6      | Reached XP level 8. HP: 31/49 MP: 11/11
  4270 | D:5      | Entered Level 5 of the Dungeon
  4270 | D:5      | Noticed Duvessa
  4271 | D:5      | Noticed Dowan
  4845 | D:5      | Gained mutation: You have great hidden genetic potential.
                  | [hidden potential]
  4845 | D:5      | Lost mutation: You have great hidden genetic potential.
                  | [hidden potential expressed]
  5084 | D:4      | Reached * piety under Okawaru
  5288 | D:5      | Killed Duvessa
  5289 | D:5      | Reached skill level 8 in Long Blades
  5291 | D:5      | Killed Dowan
  5354 | D:5      | Reached XP level 9. HP: 39/54 MP: 12/12
  5360 | D:5      | Reached ** piety under Okawaru
  5849 | D:7      | Gained mutation: You are strong-willed. (Will+) [hidden
                  | potential]
  5981 | D:7      | Noticed a troll
  5995 | D:7      | Killed a troll
  5996 | D:7      | Reached skill level 9 in Long Blades
  6085 | D:7      | Noticed a two-headed ogre
  6086 | D:7      | Found an ornate altar of the Wu Jian Council.
  6194 | D:7      | Noticed a two-headed ogre
  6336 | D:7      | Killed a two-headed ogre
  6336 | D:7      | Reached *** piety under Okawaru
  6337 | D:7      | Reached skill level 10 in Long Blades
  6337 | D:7      | Reached skill level 5 in Dodging
  6372 | D:7      | Reached XP level 10. HP: 20/59 MP: 13/13
  6549 | D:7      | Killed a two-headed ogre
  6549 | D:7      | Reached **** piety under Okawaru
  6561 | D:7      | Noticed a two-headed ogre
  6563 | D:7      | Gained mutation: Your mind is acute. (Int +4, Str/Dex -1)
                  | [hidden potential]
  6563 | D:7      | Lost mutation: You have hidden genetic potential. [hidden
                  | potential expressed]
  6634 | D:7      | Noticed a manticore
  6861 | D:8      | Found Sebu's Assorted Antiques.
  6892 | D:8      | Found Lehyut's Weapon Boutique.
  6925 | D:8      | Noticed Gastronok
  7018 | D:7      | Reached skill level 11 in Long Blades
  7551 | D:8      | Found Dizuache's Antique Weapon Emporium.
  7827 | D:8      | Found Zat Qaosh's Antique Armour Emporium.
  7874 | D:7      | Reached skill level 5 in Invocations
  8264 | D:8      | Reached ***** piety under Okawaru
  8865 | D:8      | Noticed a two-headed ogre
  8971 | D:8      | Reached XP level 11. HP: 58/63 MP: 15/15
  9017 | D:8      | Found Jalafakh's Armour Shop.
  9022 | D:8      | Bought a +2 robe of willpower for 212 gold pieces
  9166 | D:8      | Received a gift from Okawaru
  9323 | D:9      | Noticed a two-headed ogre
  9338 | D:9      | Killed a two-headed ogre
  9339 | D:9      | Reached skill level 12 in Long Blades
  9427 | D:9      | Noticed a two-headed ogre
  9440 | D:9      | Killed a two-headed ogre
  9952 | D:9      | Noticed Prince Ribbit
 10004 | D:9      | Killed Prince Ribbit
 10245 | D:9      | Found a staircase to the Lair.
 10580 | D:10     | Entered Level 10 of the Dungeon
 11145 | D:10     | Noticed a skeletal warrior
 11473 | D:10     | Noticed a skeletal warrior
 11498 | D:10     | Killed a skeletal warrior
 11672 | D:10     | Received a gift from Okawaru
 11729 | D:10     | Killed a skeletal warrior
 11730 | D:10     | Reached skill level 13 in Long Blades
 11780 | D:10     | Noticed a skeletal warrior
 11869 | D:10     | Killed a skeletal warrior
 12130 | D:11     | Found Puawk's Distillery.
 12139 | D:11     | Bought a potion of heal wounds for 80 gold pieces
 12139 | D:11     | Bought a potion of curing for 48 gold pieces
 12139 | D:11     | Bought a potion of curing for 48 gold pieces
 12139 | D:11     | Bought a potion of haste for 160 gold pieces
 12150 | D:11     | Found a gate leading to a gauntlet.
 12158 | Gauntlet | Entered a Gauntlet
 12158 | Gauntlet | Found a transporter.
 12158 | Gauntlet | Found a transporter.
 12160 | Gauntlet | Noticed a lightning spire
 12160 | Gauntlet | Noticed a lightning spire
 12162 | Gauntlet | Found a transporter.
 12162 | Gauntlet | Found a transporter.
 12179 | Gauntlet | Found a transporter.
 12184 | Gauntlet | Noticed a thrashing horror
 12197 | Gauntlet | Found a transporter.
 12203 | Gauntlet | Found a transporter.
 12212 | Gauntlet | Found a transporter.
 12227 | Gauntlet | Noticed a sixfirhy
 12232 | Gauntlet | Found a transporter.
 12238 | Gauntlet | Found a transporter.
 12255 | Gauntlet | Found a transporter.
 12280 | Gauntlet | Found a transporter.
 12483 | Gauntlet | Reached XP level 12. HP: 20/68 MP: 14/17
 12497 | Gauntlet | Got the Lessons on Ensorcelling and the Volcano
 12504 | Gauntlet | Learned a level 5 spell: Silence
 12829 | Gauntlet | Lost mutation: Your mind is acute. (Int +4, Str/Dex -1) [a
                  | neqoxec]
 12834 | Gauntlet | Gained mutation: You are clumsy. (Dex -2) [a neqoxec]
 12876 | Gauntlet | Identified the +2 helmet "Nawihair" {Harm Int-2 Dex+6}
 12897 | Gauntlet | Identified the +4 great mace "Beastbane" {flame, rF+ Int+2}
 12897 | Gauntlet | Noticed a minotaur
 12924 | Gauntlet | Killed a minotaur
 12957 | Gauntlet | Identified the +1 cloak of Kuatriraf {Will+ rCorr Dex+3}
 13811 | D:11     | Reached skill level 14 in Long Blades
 13939 | D:11     | Noticed a two-headed ogre
 13944 | D:11     | Killed a two-headed ogre
 13965 | D:11     | Noticed a two-headed ogre
 13977 | D:11     | Killed a two-headed ogre
 13978 | D:11     | Reached skill level 1 in Evocations
 14063 | D:12     | Noticed a two-headed ogre
 14198 | D:12     | Learned a level 1 spell: Apportation
 14203 | D:12     | Learned a level 4 spell: Vhi's Electric Charge
 14244 | D:12     | Noticed a boulder beetle
 14302 | D:12     | Killed a boulder beetle
 14308 | D:12     | Noticed Azrael
 14312 | D:12     | Found a runed translucent gate.
 14312 | D:12     | Found a runed translucent gate.
 14313 | D:12     | Found a runed translucent gate.
 14585 | Lair:1   | Entered Level 1 of the Lair of Beasts
 14955 | D:9      | Reached XP level 13. HP: 64/72 MP: 19/19
 15023 | D:9      | Reached skill level 5 in Translocations
 15147 | D:9      | Received a gift from Okawaru
 15379 | Lair:1   | Noticed Chish's ghost (journeyman FoFi)
 15390 | Lair:1   | Found a transporter.
 15527 | Lair:1   | Found a transporter.
 16441 | Lair:1   | Reached skill level 5 in Evocations
 16856 | Lair:2   | Lost mutation: You are clumsy. (Dex -2) [potion of
                  | mutation]
 16856 | Lair:2   | Lost mutation: You possess an exceptional clarity of mind.
                  | [potion of mutation]
 16856 | Lair:2   | Lost mutation: You are strong-willed. (Will+) [potion of
                  | mutation]
 16857 | Lair:2   | Lost mutation: Armour fits poorly on your strangely shaped
                  | body. [potion of mutation]
 16857 | Lair:2   | Gained mutation: You sometimes lose your temper in combat.
                  | [potion of mutation]
 16857 | Lair:2   | Gained mutation: Your mind is acute. (Int +4, Str/Dex -1)
                  | [potion of mutation]
 16857 | Lair:2   | Gained mutation: Your mind is very acute. (Int +8, Str/Dex
                  | -2) [potion of mutation]
 16921 | Lair:2   | Found a staircase to the Snake Pit.
 17106 | Lair:2   | Received a gift from Okawaru
 17340 | Lair:2   | Reached skill level 10 in Dodging
 17671 | Lair:3   | Found a dark tunnel.
 17894 | Volcano  | Entered a volcano
 18108 | Volcano  | Received a gift from Okawaru
 18200 | Volcano  | Found a burning altar of Makhleb.
 18223 | Volcano  | Found a bloodstained altar of Trog.
 18324 | Lair:3   | Lost mutation: Your mind is very acute. (Int +8, Str/Dex
                  | -2) [potion of mutation]
 18324 | Lair:3   | Lost mutation: You sometimes lose your temper in combat.
                  | [potion of mutation]
 18324 | Lair:3   | Lost mutation: Your mind is acute. (Int +4, Str/Dex -1)
                  | [potion of mutation]
 18324 | Lair:3   | Gained mutation: You are strong-willed. (Will+) [potion of
                  | mutation]
 18324 | Lair:3   | Gained mutation: Your magical capacity is low. (-10% MP)
                  | [potion of mutation]
 18324 | Lair:3   | Gained mutation: You are robust. (+10% HP) [potion of
                  | mutation]
 18329 | Lair:3   | Learned a level 2 spell: Momentum Strike
 18392 | Lair:3   | Found a stormy altar of Qazlal.
 18507 | Lair:3   | Found a staircase to the Shoals.
 18518 | Lair:3   | Gained mutation: Your large and strong wings let you fly.
                  | [Gargoyle growth]
 18518 | Lair:3   | Reached XP level 14. HP: 75/85 MP: 18/18
 19340 | D:12     | Found Asaled's Assorted Antiques.
 19348 | D:12     | Bought a scroll of teleportation for 96 gold pieces
 19348 | D:12     | Bought a scroll labelled LOMUGE JEPLUV for 32 gold pieces
 19411 | D:12     | Found a staircase to the Orcish Mines.
 19648 | D:12     | Noticed bmack86's ghost (journeyman MiFi)
 19679 | D:12     | Killed Azrael
 19683 | D:12     | Received a gift from Okawaru
 20191 | Orc:1    | Entered Level 1 of the Orcish Mines
 20277 | Orc:2    | Entered Level 2 of the Orcish Mines
 20320 | Orc:2    | Found a staircase to the Elven Halls.
 20332 | Orc:1    | Found Paddiu's Magic Scroll Emporium.
 20332 | Orc:1    | Found Obuniata's Book Shoppe.
 20370 | Orc:1    | Bought a scroll of teleportation for 39 gold pieces
 20370 | Orc:1    | Bought a scroll of blinking for 97 gold pieces
 20370 | Orc:1    | Bought a scroll of blinking for 97 gold pieces
 20772 | Orc:1    | Noticed an orc warlord
 20898 | Orc:2    | Received a gift from Okawaru
 20946 | Orc:2    | Killed an orc warlord
 20953 | Orc:2    | Reached ****** piety under Okawaru
 20968 | Orc:2    | Acquired a +4 triple sword of draining
 20968 | Orc:2    | Received a gift from Okawaru
 20971 | Orc:2    | Acquired the +2 pair of gloves of Free Will {rElec Str+3
                  | Int+3}
 20971 | Orc:2    | Received a gift from Okawaru
 21447 | Orc:2    | Noticed an orc warlord
 21467 | Orc:2    | Killed an orc warlord
 21472 | Orc:2    | Received a gift from Okawaru
 21601 | Orc:2    | Found a roughly hewn altar of Beogh.
 21618 | Orc:2    | Found Utemas's General Store.
 21753 | Orc:2    | Found Soafeuwnue's Antique Armour Emporium.
 21870 | Orc:2    | Found Pipsith's Jewellery Emporium.
 21885 | Orc:2    | Found Futulo's Antique Weapon Emporium.
 22039 | Orc:1    | Reached XP level 15. HP: 90/90 MP: 19/19
 22040 | Orc:1    | Reached skill level 1 in Air Magic
 22057 | Orc:1    | Noticed Erolcha
 22086 | Orc:1    | Killed Erolcha
 22419 | Lair:4   | Received a gift from Okawaru
 22420 | Lair:4   | Reached skill level 15 in Long Blades
 22461 | Lair:4   | Found a viscous altar of Jiyva.
 22769 | Lair:4   | Found a staircase to the Slime Pits.
 22788 | Lair:5   | Entered Level 5 of the Lair of Beasts
 22924 | Lair:5   | Found a shimmering altar of Xom.
 23862 | D:13     | Received a gift from Okawaru
 23997 | D:13     | Noticed Kirke
 24010 | D:13     | Killed Kirke
 24473 | D:14     | Found a gate to the Vaults.
 24498 | D:14     | Found Seni Pish's Gadget Gallery.
 24877 | D:14     | Received a gift from Okawaru
 24878 | D:14     | Reached skill level 16 in Long Blades
 25023 | D:14     | Found a shimmering blue altar of Sif Muna.
 25242 | D:15     | Entered Level 15 of the Dungeon
 25258 | D:15     | Reached XP level 16. HP: 74/95 MP: 20/20
 25369 | D:15     | Reached skill level 5 in Air Magic
 25379 | D:15     | Found a staircase to the Depths.
 25692 | D:14     | Received a gift from Okawaru
 26153 | D:8      | Bought a +0 pair of boots for 54 gold pieces
 26396 | D:8      | Killed Gastronok
 26508 | Snake:1  | Entered Level 1 of the Snake Pit
 26811 | Snake:1  | Reached skill level 17 in Long Blades
 27013 | Snake:1  | Received a gift from Okawaru
 28393 | Snake:2  | Noticed Saint Roka
 28435 | Snake:2  | Killed Saint Roka
 28436 | Snake:2  | Reached XP level 17. HP: 67/101 MP: 15/21
 28667 | Snake:2  | You are sucked into a shaft and drop 1 floor!
 29160 | Snake:2  | Reached skill level 18 in Long Blades
 29528 | Snake:3  | Received a gift from Okawaru
 29713 | Snake:3  | Noticed Asterion
 29790 | Snake:3  | Killed Asterion
 30258 | Snake:4  | Entered Level 4 of the Snake Pit
 30358 | Snake:4  | Noticed Bai Suzhen
 30367 | Snake:4  | Killed Bai Suzhen
 30539 | Snake:4  | Received a gift from Okawaru
 30851 | Snake:4  | Received a gift from Okawaru
 30878 | Snake:4  | Identified the serpent talisman of Haffeumu {rC+ Slay+3}
 30878 | Snake:4  | Noticed Aizul
 30898 | Snake:4  | Killed Aizul
 30899 | Snake:4  | Reached XP level 18. HP: 74/105 MP: 22/22
 30956 | Snake:4  | Reached skill level 19 in Long Blades
 31519 | Snake:4  | Received a gift from Okawaru
 31539 | Snake:4  | Got a serpentine rune of Zot
 31785 | Shoals:1 | Entered Level 1 of the Shoals
 32131 | Shoals:1 | Reached skill level 5 in Spellcasting
 32321 | Shoals:1 | Received a gift from Okawaru
 32772 | Shoals:2 | Found a transporter.
 32776 | Shoals:2 | Found a transporter.
 32783 | Shoals:2 | Noticed Polyphemus
 32791 | Shoals:2 | Reached skill level 15 in Dodging
 32809 | Shoals:2 | Killed Polyphemus
 32837 | Arena    | Entered the Arena
 32905 | Shoals:2 | Found Tobitz's Armour Shoppe.
 32940 | Shoals:2 | Bought a +3 scale mail of willpower for 390 gold pieces
 33006 | Shoals:2 | Received a gift from Okawaru
 33253 | Shoals:2 | Reached skill level 20 in Long Blades
 33587 | Arena    | Entered the Arena
 33830 | Shoals:3 | Found a glowing golden altar of the Shining One.
 33893 | Shoals:3 | Reached XP level 19. HP: 86/110 MP: 25/25
 34031 | Shoals:3 | Identified the +10 mace of Suusto {freeze, rPois rN+ Dex+3}
 34265 | Shoals:3 | Received a gift from Okawaru
 34420 | Shoals:4 | Entered Level 4 of the Shoals
 34564 | Shoals:4 | Got the Guide on Burnt Geometries
 34734 | Shoals:4 | Got a barnacled rune of Zot
 35130 | Shoals:4 | Received a gift from Okawaru
 35144 | Shoals:4 | Identified the +2 dagger of the Thirteen Servitors {heavy,
                  | Fly Dex+4}
 35762 | Vaults:1 | Entered Level 1 of the Vaults
 35862 | Vaults:1 | Received a gift from Okawaru
 35973 | Arena    | Entered the Arena
 35989 | Vaults:1 | Mangled by an ironbound frostheart

Illustrated notes

Levels and vault maps discovered:
D:1:      heliophobic_arrival_glass_houses, layout_loops_ring,
          shapermc_ecumenical_altar_mp_ritualfount, minmay_shallow_snake_nest
D:2:      layout_basic, basic_altar, dk_vineyard_3
D:3:      layout_basic, mainiacjoe_overflow_catwalk, uniq_robin
D:4:      layout_rooms, serial_rivers, chequers_serial_rivers_room_b,
          chequers_serial_rivers_small_b, chequers_serial_rivers_micro_d,
          chequers_serial_rivers_small_a, chequers_serial_rivers_large_b,
          eino_small_chamber_without_monster, roderic_lattice_a, st_stairs_11
D:5:      layout_rooms, uniq_duvessa
D:6:      layout_basic, minmay_temple_entry_antechambers, serial_curves,
          eino_curves_03, eino_curves_03, nrook_mini_vaults, wad_floor_pattern_2
D:7:      minmay_chambers_of_sevens, layout_rooms,
          mainiacjoe_overflow_concentric_impassable,
          nicolae_concentric_dashed_squares_wild
D:8:      cheibrodos_fertilizer, layout_layer_cave, serial_shops,
          nicolae_shop_behind_doors, shop, kennysheep_little_box,
          nicolae_shop_bloodbath_and_beyond, nicolae_shop_tiny_statue_garden,
          uniq_gastronok
D:9:      nicolae_BIG_FREAKIN_CUBE, layout_basic, uniq_prince_ribbit1
D:10:     layout_basic
D:11:     layout_gridville, gauntlet_entry_generic, serial_shops,
          nicolae_shop_gibbet_a_chance, nicolae_have_a_lightning_rod
D:12:     layout_irregular_city, david_orc_3, serial_shops,
          nicolae_diamond_shop, gammafunk_ghost_spectres, uniq_azrael
D:13:     layout_basic, minmay_beelzebubs_servants, uniq_kirke
D:14:     layout_basic, skrybe_vaults_entry_preservation,
          serial_library_hellmonk_statue_hall, nicolae_shop_gadgets
D:15:     grunt_enter_depths_magical_seal, layout_cross,
          chequers_serial_rivers_micro_a
Temple:   mainiacjoe_temple_big_plus
Lair:1:   layout_misc_corridors, nzn_ghost_randoct,
          chequers_serial_rivers_micro_a, eino_small_chamber_without_monster
Lair:2:   layout_gridlike, minmay_snake_entry_guardpost_medium,
          beast_lair_carwin_1, lemuel_fruit_fields
Lair:3:   layout_roguey, nicolae_shoals_entry_roost,
          nicolae_volcano_entry_vermiform, basic_altar, st_stairs_5
Lair:4:   layout_cave_shapes, nicolae_slime_entry_slimehenge,
          infiniplex_staircase_pool
Lair:5:   due_jungle_book, layout_cave_pods, basic_altar
Shoals:1: layout_shoals
Shoals:2: gammafunk_sealed_arena, layout_shoals, serial_shops, shop, st_cyclops,
          uniq_polyphemus
Shoals:3: layout_shoals, lemuel_altar_in_water, nicolae_shoals_wave_tunnel
Shoals:4: shoals_end_grunt_garden, layout_shoals
Snake:1:  layout_chambers, beargit_elvish_explorers
Snake:2:  layout_honeycomb, nrook_guardian_serpent_double, uniq_saint_roka
Snake:3:  layout_layer_cave, uniq_asterion
Snake:4:  johnstein_snake_rune_scales, layout_gridlike, uniq_aizul,
          uniq_bai_suzhen
Orc:1:    lemuel_ogre_cave, layout_caves, serial_shops,
          nicolae_shop_statue_plus, nicolae_shop_window_shopping
Orc:2:    grunt_orc_cross, layout_caves, mines2_lemuel
Vaults:1: nicolae_vaults_weapon_check, nicolae_vaults_meiosis,
          nicolae_vaults_turnstiles, nicolae_vaults_diamond_1,
          nicolae_vaults_little_squares_5, hangedman_vaults_restitches,
          v_misc_28, v_pattern_4, layout_vaults_omnibox

Skill      XL: |  1  2  3  4  5  6  7  8  9 10 11 12 13 14 15 16 17 18 19 |
---------------+----------------------------------------------------------+-----
Long Blades    | 2 3 4 5 7 8 10 11 13 14 16 17 18 20 | 20.9
Fighting       | 3 4 5 |  5.0
Dodging        | 2 3 5 6 7 9 10 12 13 14 15 | 15.7
Invocations    | 1 3 4 5 7 9 |  9.0
Translocations | 4 7 |  7.0
Evocations     | 3 7 9 |  9.6
Air Magic      | 4 6 8 |  8.0
Spellcasting   | 3 6 7 |  7.9
Throwing       | |  0.8
Armour         | |  1.1

Action                     |  1- 3 |  4- 6 |  7- 9 | 10-12 | 13-15 | 16-18 | 19-21 || total
---------------------------+-------+-------+-------+-------+-------+-------+-------++-------
  Melee: Falchion          |   163 |   190 |   454 |   509 |       |       |       ||  1316
         Scimitar          |       |       |       |   257 |   247 |     7 |       ||   511
         Long sword        |       |       |       |   451 |   680 |       |       ||  1131
         Triple sword      |       |       |       |       |   423 |  1183 |   299 ||  1905
  Throw: Throwing net      |       |     2 |       |     2 |       |       |       ||     4
         Dart              |       |     1 |       |    32 |       |       |       ||    33
   Cast: Blink             |     1 |     5 |     2 |     6 |     3 |     1 |       ||    18
         Lesser Beckoning  |     1 |       |       |       |       |       |       ||     1
         Vhi's Electric Ch |       |       |       |       |       |     1 |     1 ||     2
 Invoke: Heroism           |       |       |     1 |    13 |     3 |     2 |     1 ||    20
         Finesse           |       |       |       |     3 |     2 |     2 |       ||     7
         Receive Weapon    |       |       |       |       |     1 |       |       ||     1
         Receive Armour    |       |       |       |       |     1 |       |       ||     1
         Duel              |       |       |       |       |       |     2 |     1 ||     3
  Evoke: Wand              |       |     2 |    10 |    42 |       |     2 |       ||    56
         Lightning rod     |       |       |       |     4 |    10 |       |     2 ||    16
         Gell's gravitambo |       |       |       |     2 |     1 |     3 |       ||     6
    Use: Potion            |       |     4 |     5 |     6 |     4 |     2 |     1 ||    22
         Scroll            |       |       |    12 |     4 |     9 |     1 |     1 ||    27
   Stab: Paralysed         |       |       |    24 |       |       |       |       ||    24
         Held in net/web   |       |       |       |     5 |       |       |       ||     5
         Sleeping          |       |       |       |     1 |     1 |     2 |       ||     4
 Armour: Leather armour    |   117 |   182 |       |       |       |       |       ||   299
         Skin              |       |     7 |    22 |     6 |       |       |       ||    35
         Robe              |       |       |   187 |   506 |   125 |   659 |       ||  1477
         Scale mail        |       |       |       |       |   634 |   122 |   165 ||   921
         Chain mail        |       |       |       |       |     5 |       |       ||     5
  Dodge: Dodged            |   110 |   160 |   305 |   875 |  1480 |  1659 |   301 ||  4890

Table legend: (Time is in decaauts)
 A = Elapsed time spent in this place.
 B = Non-inter-level travel time spent in this place.
 C = Inter-level travel time spent in this place.
 D = Time resting spent in this place.
 E = Time spent auto-exploring this place.
 F = Levels seen in this place.
 G = Mean time per level.
                   A        B        C        D        E       F      G
               +--------+--------+--------+--------+--------+-----+--------+
         Total |  35268 |  32531 |   2737 |   6249 |  16041 |  37 |  953.2 |
       Dungeon |  17947 |  16442 |   1505 |   3679 |   7775 |  15 | 1196.5 |
        Temple |     61 |      3 |     58 |      0 |      0 |   1 |   61.0 |
          Lair |   5224 |   4557 |    667 |    810 |   2431 |   5 | 1044.8 |
        Shoals |   3580 |   3393 |    187 |    157 |   2133 |   4 |  895.0 |
     Snake Pit |   5151 |   4900 |    251 |    810 |   2627 |   4 | 1287.8 |
  Orcish Mines |   1983 |   1915 |     68 |    357 |    858 |   2 |  991.5 |
        Vaults |    151 |    151 |      0 |      0 |     53 |   1 |  151.0 |
       Volcano |    334 |    334 |      0 |     39 |    121 |   1 |  334.0 |
      Gauntlet |    793 |    793 |      0 |    387 |     42 |   1 |  793.0 |
         Arena |     41 |     41 |      0 |      7 |      0 |   3 |   13.7 |
               +--------+--------+--------+--------+--------+-----+--------+

Top non-repeatable levels by time:
     D:7: 2174 daAuts
     D:9: 2153 daAuts
     D:6: 1734 daAuts
 Snake:1: 1638 daAuts
     D:8: 1511 daAuts
    D:10: 1417 daAuts
  Lair:2: 1416 daAuts
   Orc:2: 1398 daAuts
    D:11: 1332 daAuts
 Snake:4: 1321 daAuts
    D:14: 1270 daAuts
  Lair:1: 1237 daAuts
    D:12: 1181 daAuts
 Snake:3: 1126 daAuts
 Snake:2: 1065 daAuts
